 Dungeon Crawl Stone Soup version 0.29-a0-88-g03a7b78be7 (webtiles) character file.

Game seed: 13231440090964739575

31 enile the Ducker (level 3, -8/16 HPs)
             Began as a Felid Wanderer on Feb 5, 2022.
             Was a Follower of Kikubaaqudgha.
             Mangled by a goblin (18 damage)
             ... on level 2 of the Dungeon.
             The game lasted 00:01:41 (1175 turns).

enile the Ducker (Felid Wanderer)                   Turns: 1175, Time: 00:01:42

Health: -8/16      AC:  1    Str:  9    XL:     3   Next: 7%
Magic:  0/5        EV: 19    Int: 13    God:    Kikubaaqudgha [*.....]
Gold:   22         SH:  0    Dex: 16    Spells: 3/4 levels left
                                        Lives:  0   Deaths: 0

rFire   . . .      SeeInvis +     - Unarmed
rCold   . . .      Faith    .   (shield unavailable)
rNeg    . . .      Spirit   .   (armour unavailable)
rPois   .          Reflect  .   (helmet unavailable)
rElec   .          Harm     .   (cloak unavailable)
rCorr   .          Rampage  .   (gloves unavailable)
Will    .....                   (boots unavailable)
Stlth   ++........              (no amulet)
HPRegen 0.05/turn               (no ring)
MPRegen 0.09/turn               (no ring)

@: very slightly contaminated, quick
A: very small, claws 1, fangs 3, see invisible, speed 1, shaggy fur 1, stealthy
paws, no weapons or thrown items, no armour, multi-lived
a: Renounce Religion, Receive Corpses


You were on level 2 of the Dungeon.
You worshipped Kikubaaqudgha.
Kikubaaqudgha was aware of your devotion.
You visited 1 branch of the dungeon, and saw 2 of its levels.

You collected 22 gold pieces.

Inventory:

Scrolls
 a - 2 scrolls of teleportation
 d - a scroll of identify {unknown}
 f - a scroll of fear {unknown}
Potions
 b - a potion of attraction {unknown}
 c - a potion of flight {unknown}
 e - a potion of curing {unknown}
 g - a potion of berserk rage {unknown}


   Skills:
 + Level 1.7 Fighting
 - Level 5.3 Dodging
 - Level 1.5 Stealth
 - Level 2.0 Unarmed Combat
 - Level 1.0 Spellcasting
 - Level 1.0 Poison Magic
 - Level 1.8 Invocations


You had 3 spell levels left.
You knew the following spells:

 Your Spells              Type           Power      Damage    Failure   Level
a - Sting                 Tmut/Pois      8%         1d3       22%         1

Your spell library contained the following spells:

 Spells                   Type           Power      Damage    Failure   Level
 Animate Skeleton         Necr           0%         N/A       28%         1
 Corpse Rot               Necr/Air       0%         N/A       38%         2
 Sublimation of Blood     Necr           0%         N/A       38%         2
 Mephitic Cloud           Conj/Pois/Air  1%         N/A       58%         3
 Agony                    Necr           0%         N/A       100%        5


Dungeon Overview and Level Annotations

Branches:
Dungeon (2/15)

Altars:
Kikubaaqudgha

Shops:
D:1 [


Innate Abilities, Weirdness & Mutations

You have sharp claws.
You have razor-sharp teeth.
You have supernaturally acute eyesight. (SInv)
You cover ground quickly. (Speed+)
You are covered in fur. (AC +1)
Your paws help you pounce on unaware monsters.
You are incapable of wielding weapons or throwing items.
You cannot wear armour.
You gain extra lives every three experience levels.


Message History

Aim: a goblin, wielding a +0 dagger of electrocution (55% to hit)
The sting misses the goblin.
Casting: Sting (safe; 22% risk of failure)
Confirm with . or Enter, or press ? or * to list all spells.
Aiming: Sting (safe; 22% risk of failure)
Press: ? - help, Shift-Dir - straight line, f/p - goblin
Aim: a goblin, wielding a +0 dagger of electrocution (55% to hit)
The sting misses the goblin.
Casting: Sting (safe; 22% risk of failure)
Confirm with . or Enter, or press ? or * to list all spells.
Aiming: Sting (safe; 22% risk of failure)
Press: ? - help, Shift-Dir - straight line, f/p - goblin
Aim: a goblin, wielding a +0 dagger of electrocution (55% to hit)
You miscast Sting.
You are very lightly contaminated with residual magic.
Nothing appears to happen.
The goblin misses you.
Casting: Sting (safe; 22% risk of failure)
Confirm with . or Enter, or press ? or * to list all spells.
Aiming: Sting (safe; 22% risk of failure)
Press: ? - help, Shift-Dir - straight line, f/p - goblin
Aim: a goblin, wielding a +0 dagger of electrocution (55% to hit)
You miscast Sting.
Nothing appears to happen.
The ball python hisses angrily.
The goblin hits you with a +0 dagger of electrocution.
Casting: Sting (safe; 22% risk of failure)
Confirm with . or Enter, or press ? or * to list all spells.
Aiming: Sting (safe; 22% risk of failure)
Press: ? - help, Shift-Dir - straight line, f/p - goblin
Aim: a goblin, wielding a +0 dagger of electrocution (55% to hit)
You miscast Sting.
Nothing appears to happen.
The goblin barely misses you.
You closely miss the goblin. The goblin barely misses you.
You closely miss the goblin. The goblin barely misses you.
You barely miss the goblin. The goblin misses you.
You scratch the goblin. Your bite misses the goblin.
The goblin is almost dead.
The goblin hits you with a +0 dagger of electrocution.
You are electrocuted!!
Ouch! That really hurt!
You die...
Kikubaaqudgha rasps: "You have failed me!
Welcome... death!"

###### #.†.<#
#.#### # #.#
... #.#
#...###.#
#...Sg@.#
#..####.......
#.##.... #..
.## ####


You could see a goblin and a ball python.

Vanquished Creatures
  An adder (D:2)
  A dart slug (D:1)
  4 ball pythons (D:1)
  An endoplasm (D:1)
  A giant cockroach (D:1)
  3 goblins (D:1)
  3 hobgoblins (D:1)
  2 quokkas (D:1)
  A frilled lizard (D:1)
17 creatures vanquished.

Vanquished Creatures (others)
  A demonic plant (D:1)
  A withered plant (D:1)
2 creatures vanquished.

Grand Total: 19 creatures vanquished

Notes
Turn   | Place    | Note
-------+----------+-------------------------------------------
     0 | D:1      | enile the Felid Wanderer began the quest for the Orb.
     0 | D:1      | enile set off with the following items: a scroll of
                  | teleportation; and the following spell memorised: Sting;
                  | and the following spells available to memorise: Mephitic
                  | Cloud
     0 | D:1      | Reached XP level 1. HP: 9/9 MP: 3/3
    99 | D:1      | Found Gudduwk's Antique Armour Shop.
   261 | D:1      | Reached skill level 1 in Unarmed Combat
   269 | D:1      | Reached XP level 2. HP: 10/12 MP: 1/4
   888 | D:1      | Found a faded altar of an unknown god.
   898 | D:1      | Prayed at the altar of an unknown god.
   898 | D:1      | Became a worshipper of Kikubaaqudgha
   898 | D:1      | Reached * piety under Kikubaaqudgha
   898 | D:1      | Received a gift from Kikubaaqudgha
  1088 | D:2      | Reached XP level 3. HP: 12/16 MP: 5/5
  1175 | D:2      | Mangled by a goblin

Illustrated notes

Levels and vault maps discovered:
D:1:      lightli_arrival_farm, layout_rooms, shapermc_ecumenical_altar_gd,
          serial_shops, nicolae_shop_statue_plus, minmay_misc_feat_more_columns
D:2:      layout_basic, uniq_crazy_yiuf_cottage

Skill      XL: |  1  2 |
---------------+-------+-----
Unarmed Combat | 1 2 |  2.0
Fighting       | |  1.7
Dodging        | |  5.3
Stealth        | |  1.5
Spellcasting   | |  1.0
Poison Magic   | |  1.0
Invocations    | |  1.8

Action                   || total
-------------------------++-------
Melee: Unarmed           ||    39
       Bite              ||     7
 Cast: Sting             ||    16
 Stab: Sleeping          ||     1
Armor: Skin              ||     1
Dodge: Dodged            ||    40

Table legend: (Time is in decaauts)
 A = Elapsed time spent in this place.
 B = Non-inter-level travel time spent in this place.
 C = Inter-level travel time spent in this place.
 D = Time resting spent in this place.
 E = Time spent auto-exploring this place.
 F = Levels seen in this place.
 G = Mean time per level.
                   A        B        C        D        E       F      G
               +--------+--------+--------+--------+--------+-----+--------+
         Total |   1093 |   1072 |     21 |      0 |    940 |   2 |  546.5 |
       Dungeon |   1093 |   1072 |     21 |      0 |    940 |   2 |  546.5 |
               +--------+--------+--------+--------+--------+-----+--------+

Top non-repeatable levels by time:
     D:1: 1002 daAuts
     D:2: 91 daAuts
